 Dungeon Crawl Stone Soup version 0.21.1-1-g345015f (webtiles) character file.

399 grindst0ne the Skirmisher (level 7, -1/58 HPs)
             Began as a Formicid Artificer on Feb 21, 2018.
             Was a Follower of Makhleb.
             Slain by Dowan
             ... wielding a +0 dagger
              (3 damage)
             ... on level 4 of the Dungeon.
             The game lasted 00:09:22 (3962 turns).

grindst0ne the Skirmisher (Formicid Artificer)      Turns: 3962, Time: 00:09:22

Health: -1/58      AC:  7    Str: 16    XL:     7   Next: 10%
Magic:  10/10      EV:  9    Int: 13    God:    Makhleb [*.....]
Gold:   39         SH:  0    Dex: 11    Spells: 6/6 levels left

rFire    + . .     SeeInvis +   c - +2 whip (venom)
rCold    . . .     Gourm    .   (no shield)
rNeg     . . .     Faith    .   v - +0 scale mail
rPois    .         Spirit   .   (helmet unavailable)
rElec    .         Reflect  .   (no cloak)
rCorr    +         Harm     .   t - +0 pair of gloves
MR       .....                  (no boots)
Stlth    ..........             (no amulet)
HPRegen  0.19/turn              p - ring of protection from fire
MPRegen  0.12/turn              s - ring of resist corrosion

@: no status effects
A: permanent stasis, dig shafts and tunnels, four strong arms, antennae 3
a: Dig, Shaft Self, Renounce Religion


You were on level 4 of the Dungeon.
You worshipped Makhleb.
Makhleb was aware of your devotion.
You were not hungry.

You visited 1 branch of the dungeon, and saw 4 of its levels.

You collected 105 gold pieces.
You spent 66 gold pieces at shops.

Inventory:

Hand Weapons
 c - a +2 whip of venom (weapon)
Armour
 t - a +0 pair of gloves (worn)
 v - a +0 scale mail (worn)
Jewellery
 p - a ring of protection from fire (left hand)
 s - a ring of resist corrosion (right hand)
Wands
 d - a wand of enslavement (14)
 e - a wand of random effects (13)
Scrolls
 b - a scroll of noise {unknown}
 g - 2 scrolls of magic mapping
 l - 3 scrolls of remove curse
 m - a scroll of enchant armour {unknown}
 q - 2 scrolls of fog
 r - a scroll of blinking {unknown}
Potions
 i - 2 potions of curing
 k - a potion of heal wounds
 u - a potion of resistance
Comestibles
 a - a chunk of flesh
 f - 8 rations


   Skills:
 + Level 6.2 Fighting
   Level 1.0 Short Blades
 - Level 1.7 Dodging
 - Level 1.2 Stealth
 + Level 3.2 Invocations
 - Level 4.1 Evocations


You had 6 spell levels left.
You didn't know any spells.

Dungeon Overview and Level Annotations

Branches:
Dungeon (4/15)
 Temple: D:4-7

Altars:
Makhleb

Shops:
D:4 [?

Annotations:
D:4 Dowan


Innate Abilities, Weirdness & Mutations

You cannot be hasted, slowed, berserked, paralysed or teleported.
You can dig through walls and to a lower floor.
Your four strong arms can wield two-handed weapons with a shield.
You have a pair of large antennae on your head. (SInv)


Message History

You have reached level 7!
You swap places.
Dowan mumbles some strange words.
Dowan blinks!
Things that are here:
a short sword of distortion; a ring mail Evoke which item? (* to show all) (? for menu, Esc to quit)
Aiming: Random Effects
Press: ? - help, Shift-Dir - straight line, f/p - Dowan
Aim: Dowan, wielding a dagger and wearing a robe (almost dead, fast, in your thrall, friendly) Really fire at your ally Dowan?
The puff of flame hits Dowan.
Dowan is almost dead.
Dowan is no longer charmed.
Dowan points at you and mumbles some strange words.
The shard of ice hits you!
* * * LOW HITPOINT WARNING * * *
Dowan breathes, "And she was my only..."
Dowan hits you with a dagger.
You die...

...# #..........# ...#
#............. ...#
...........###.. ...#
........#.....# . .
...#......#.....#..# ..
...#......#<.#..#..##...
...# #####...........#
...# #.....##.....#.#
...#####.###.#.)@e....#
...'......##...#....#.#
...#############..(.#
#### .....# #.##.# #..
... ### #..# .>+


You could see Dowan.

Vanquished Creatures
  Duvessa (D:4)
  A scorpion (D:4)
  Jessica (D:3)
  Robin (D:3)
  5 adders
  8 gnolls
  An adder skeleton (D:2)
  2 worms (D:2)
  3 dart slugs
  A leopard gecko (D:4)
  2 orcs (D:3)
  A ball python (D:3)
  5 giant cockroaches (D:1)
  9 goblins
  14 hobgoblins
  4 jackals
  2 quokkas
  11 bats
  2 frilled lizards (D:2)
  10 kobolds
  6 rats
90 creatures vanquished.

Notes
Turn   | Place    | Note
-------+----------+-------------------------------------------
     0 | D:1      | grindst0ne the Formicid Artificer began the quest for the Orb.
     0 | D:1      | Reached XP level 1. HP: 15/15 MP: 3/3
   185 | D:1      | Reached skill level 2 in Fighting
   185 | D:1      | Reached XP level 2. HP: 16/22 MP: 4/4
   630 | D:1      | Reached skill level 3 in Fighting
   630 | D:1      | Reached XP level 3. HP: 29/29 MP: 5/5
   939 | D:1      | You fall through a shaft!
  1046 | D:2      | Reached XP level 4. HP: 28/37 MP: 6/6
  1091 | D:2      | Reached skill level 4 in Fighting
  1588 | D:2      | Found a burning altar of Makhleb.
  1603 | D:2      | Became a worshipper of Makhleb the Destroyer
  1958 | D:2      | Reached XP level 5. HP: 19/43 MP: 7/7
  1958 | D:2      | Reached skill level 5 in Fighting
  2627 | D:3      | Noticed Jessica
  2633 | D:3      | Killed Jessica
  2682 | D:3      | Reached skill level 1 in Invocations
  2883 | D:3      | Noticed Robin
  2903 | D:3      | Reached * piety under Makhleb
  2904 | D:3      | Reached XP level 6. HP: 22/51 MP: 8/8
  2922 | D:3      | Killed Robin
  3877 | D:4      | Found Uhymuss's Magic Scroll Shoppe.
  3882 | D:4      | Bought a scroll of fog for 22 gold pieces
  3882 | D:4      | Bought a scroll of identify for 22 gold pieces
  3882 | D:4      | Bought a scroll of identify for 22 gold pieces
  3915 | D:4      | Found Wyquch's Armour Boutique.
  3946 | D:4      | Noticed Duvessa
  3946 | D:4      | Noticed Dowan
  3959 | D:4      | Killed Duvessa
  3959 | D:4      | Reached skill level 6 in Fighting
  3959 | D:4      | Reached XP level 7. HP: 19/58 MP: 10/10
  3962 | D:4      | HP: 2/58 [Dowan/shard of ice (18)]
  3962 | D:4      | Slain by Dowan

Skill      XL: |  1  2  3  4  5  6 |
---------------+-------------------+-----
Fighting       | 2 3 4 5 6 |  6.2
Invocations    | 1 3 |  3.2
Evocations     | 4 |  4.1
Short Blades   | |  1.0
Dodging        | |  1.7
Stealth        | |  1.2

Action                   |  1- 3 |  4- 6 |  7- 9 || total
-------------------------+-------+-------+-------++-------
Melee: Short sword       |   133 |   213 |       ||   346
       Whip              |       |    14 |       ||    14
Evoke: Wand              |     1 |    22 |     1 ||    24
  Use: Potion            |       |     5 |       ||     5
       Scroll            |       |     3 |       ||     3
 Stab: Sleeping          |     2 |     1 |       ||     3
       Paralysed         |       |     3 |       ||     3
  Eat: Chunk             |     1 |     7 |       ||     8
       Ration            |       |     1 |       ||     1
Armor: Leather armour    |    58 |    33 |       ||    91
       Scale mail        |       |    41 |       ||    41
Dodge: Dodged            |   109 |   129 |       ||   238
